AoeStats
← MattAtArms

Arabian Desert

512231651Analyzed
1v1 RM · 8d ago on Oct 8, 2026· 28m 15s· 2 players
Game mode
Random Map
Map size
Tiny (2 player)
Population
200
Speed
Normal
Resources
Standard
Victory
Conquest
Starting age
Dark Age
Ending age
Imperial Age
RankedLock teamsTeams togetherTeam positionsShared explorationLock speedFull tech treeHidden civsTurbo modeCheats
Victory
Defeat
🇬🇧 Chinese · United Kingdom
1938
+17
vs
🇩🇰 Inca · Denmark
1959
-17
MattAtArms
0:25 Loom
8:33 Feudal Age
9:13 Double-Bit Axe
10:25 Horse Collar
21:43 Castle Age
20:03 Gold Mining
20:15 Fletching
20:49 Padded Archer Armor
21:52 Horse Collar
21:47 Crossbowman
22:53 Bodkin Arrow
24:58 Bow Saw
27:47 Ballistics
Kejserguldbajer 2.
8:55 Loom
13:43 Feudal Age
13:44 Champi Runner
15:17 Scale Mail Armor
18:23 Double-Bit Axe
18:52 Forging
21:25 Fletching
23:38 Castle Age
22:41 Arson
23:38 Champi Warrior
24:38 Chain Mail Armor
Connection lost

Rejoining the realm…

Still unreachable

The connection could not be restored.

Session expired

The server has moved on; the page needs a fresh start.